 Dungeon Crawl Stone Soup version 0.21.1-1-g345015fe64 (webtiles) character file.

5978 PrLosash the Cleaver (level 10, -1/83 HPs)
             Began as a Pale Draconian Berserker on Feb 17, 2018.
             Was a High Priest of Trog.
             Slain by a wolf (4 damage)
             ... led by Grum
             ... on level 9 of the Dungeon on Feb 19, 2018.
             The game lasted 00:38:30 (8324 turns).

PrLosash the Cleaver (Pale Draconian Berserker)     Turns: 8324, Time: 00:38:32

Health: -1/83      AC: 10    Str: 22    XL:     10   Next: 55%
Magic:  13/13      EV: 15    Int:  7    God:    Trog [*****.]
Gold:   329        SH:  0    Dex: 12    Spells: 9/9 levels left

rFire    . . .     SeeInvis .   a - +0 broad axe
rCold    . . .     Gourm    .   (no shield)
rNeg     . . .     Faith    .   (armour unavailable)
rPois    .         Spirit   .   (helmet restricted)
rElec    .         Reflect  .   (no cloak)
rCorr    .         Harm     .   j - +2 pair of gloves
MR       .....                  (no boots)
Stlth    +++.......             (no amulet)
HPRegen  0.23/turn              (no ring)
MPRegen  0.13/turn              (no ring)

@: about to teleport, berserk cooldown, slowed, very slow
A: breathe steam, unfitting armour, cold-blooded, AC +7
a: Breathe Steam, Berserk, Trog's Hand, Brothers in Arms, Burn Spellbooks,
Renounce Religion


You were on level 9 of the Dungeon.
You worshipped Trog.
Trog was extremely pleased with you.
You were hungry.

You visited 1 branch of the dungeon, and saw 9 of its levels.
You also visited: Sewer and Ossuary.

You collected 329 gold pieces.

Inventory:

Hand Weapons
 a - a +0 broad axe (weapon)
 G - a cursed +4 dire flail
Missiles
 e - 216 stones (quivered)
 k - 5 silver javelins
 I - 6 needles of confusion
Armour
 j - a +2 pair of gloves (worn)
Jewellery
 B - an uncursed ring of poison resistance {unknown}
 J - an uncursed amulet of faith {unknown}
Wands
 n - a wand of polymorph (13)
 y - a wand of flame (55)
 z - a wand of iceblast (9)
 D - a wand of acid (4)
Scrolls
 i - 9 scrolls of teleportation
 m - 2 scrolls of blinking
 o - a scroll of enchant weapon {unknown}
 t - a scroll of fog
 x - a scroll of fear {unknown}
 A - a scroll of noise {unknown}
 C - a scroll of enchant armour {unknown}
 E - a scroll of vulnerability {unknown}
 F - a scroll of immolation {unknown}
 H - a scroll of remove curse {unknown}
 K - a scroll of identify
Potions
 c - 3 potions of lignification {unknown}
 d - a potion of mutation {unknown}
 f - 4 potions of agility {unknown}
 g - 5 potions of flight {unknown}
 h - 2 potions of berserk rage {unknown}
 l - 3 potions of haste {unknown}
 p - a potion of resistance {unknown}
 q - 4 potions of curing {unknown}
 r - 2 potions of brilliance {unknown}
 s - a potion of might {unknown}
 u - 6 potions of heal wounds {unknown}
 w - a potion of ambrosia {unknown}
Comestibles
 b - 9 rations
 v - 4 chunks of flesh


   Skills:
 + Level 6.2 Fighting
 * Level 11.6 Axes
 - Level 2.4 Throwing
 + Level 6.5 Dodging
 - Level 5.1 Stealth
 - Level 5.0 Evocations


You had 9 spell levels left.
You didn't know any spells.

Dungeon Overview and Level Annotations

Branches:
Dungeon (9/15)             Temple (0/1) D:5
   Lair: D:8-11         Orc: D:9-12

Altars:
Cheibriados
Elyvilon
Gozag
Hepliaklqana
Kikubaaqudgha
Makhleb
Nemelex Xobeh
Okawaru
Qazlal
Ru
Xom
Yredelemnul
The Shining One

Annotations:
D:3 2 transporters
D:9 Grum


Innate Abilities, Weirdness & Mutations

You can breathe blasts of scalding, opaque steam.
Your pale cyan-grey scales are hard. (AC +7)
You cannot fit into any form of body armour.
You are cold-blooded and may be slowed by cold attacks.


Message History

The wolf barely misses you. The wolf bites you.
* * * LOW HITPOINT WARNING * * *
The wolf bites you.
* * * LOW HITPOINT WARNING * * *
The wolf bites you but does no damage. x2; Grum closely misses you.
A yak comes into view.
As you read the scroll of teleportation, it crumbles to dust.
You feel strangely unstable. The wolf closely misses you. x2
The wolf misses you. The wolf closely misses you. x2
Your ogre completely misses Grum.
The wolf misses you. The wolf bites you but does no damage.
The wolf closely misses you. x2
Grum barely misses you. 2 yaks come into view.
The wolf bites you but does no damage.
Your ogre completely misses Grum.
The wolf misses you. The wolf bites you but does no damage.
The wolf completely misses you.
The yak moves out of view.
Your ogre closely misses Grum.
Grum barely misses you. The wolf bites you!
* * * LOW HITPOINT WARNING * * *
The wolf bites you.
You die...

........(.............
......................
............(......... .
........................
##..............####....
.............o....#....
....#........#O.......
<..#........hhg......
#.......hh@......#
#................#
###...#...........
#....Y##........
#......#...#.... ..Y...
#...#.... ..... #....
... ... ##.... ##


You could see Grum, 2 yaks, 4 wolves, an orc and a friendly ogre (berserk).

Vanquished Creatures
  A two-headed ogre (D:9)
  Pikel (D:8)
  A troll (D:4)
  A hippogriff (D:7)
  A wraith (Ossuary)
  2 humans (D:8)
  Menkaure (D:5)
  A hungry ghost (D:8)
  A soldier ant (D:8)
  A water moccasin (D:6)
  5 orc warriors
  An ice beast (D:6)
  3 slaves (D:8)
  2 sky beasts (D:8)
  A black bear (D:8)
  2 ogres
  5 centaurs
  A big kobold (Sewer)
  5 bullfrogs
  2 scorpions
  4 wights (D:6)
  An electric eel (D:6)
  2 howler monkeys
  3 crimson imps
  2 jellies
  Ijyb (D:3)
  A bullfrog skeleton (D:9)
  5 hounds
  10 orc priests
  13 orc wizards
  An iguana (D:6)
  A worker ant (D:4)
  2 killer bee zombies
  2 hound zombies
  A mummy (Ossuary)
  3 gnolls (D:6)
  2 river rats (Sewer)
  6 adders
  A shadow imp (D:5)
  An ooze (D:3)
  4 worms
  5 leopard geckos
  55 orcs
  6 giant cockroaches
  7 goblins
  8 hobgoblins
  12 jackals
  7 kobolds
  4 quokkas
  4 ball pythons
  4 bats
  4 frilled lizards
  9 gnoll skeletons (Ossuary)
  A jackal skeleton (D:8)
  3 kobold skeletons (Ossuary)
  A leopard gecko skeleton (D:5)
  13 orc skeletons (Ossuary)
  7 rats
254 creatures vanquished.

Notes
Turn   | Place    | Note
-------+----------+-------------------------------------------
     0 | D:1      | PrLosash the Draconian Berserker began the quest for the Orb.
     0 | D:1      | Reached XP level 1. HP: 19/19 MP: 1/1
   303 | D:1      | Reached XP level 2. HP: 23/26 MP: 2/2
   677 | D:1      | Reached skill level 1 in Stealth
   688 | D:1      | Reached skill level 1 in Throwing
  1113 | D:1      | Reached XP level 3. HP: 31/31 MP: 3/3
  1322 | D:2      | Reached ** piety under Trog
  1424 | D:2      | Found an ancient bone altar of Kikubaaqudgha.
  1571 | D:2      | You fall through a shaft for 2 floors!
  1627 | D:4      | Reached skill level 4 in Axes
  1648 | D:4      | Reached XP level 4. HP: 33/38 MP: 4/4
  1731 | D:4      | Found a sand-covered staircase.
  1739 | Ossuary  | Entered an ossuary
  1739 | Ossuary  | Noticed a wraith
  1739 | Ossuary  | Noticed a wraith
  1739 | Ossuary  | Noticed a wraith
  1917 | Ossuary  | Reached *** piety under Trog
  1936 | Ossuary  | Noticed a wraith
  1947 | Ossuary  | Killed a wraith
  1947 | Ossuary  | Received a gift from Trog
  1947 | Ossuary  | Reached skill level 5 in Axes
  1947 | Ossuary  | Reached XP level 5. HP: 45/45 MP: 5/5
  1947 | Ossuary  | Reached XP level 6. HP: 51/51 MP: 6/6
  2166 | D:4      | Reached skill level 6 in Axes
  2417 | D:4      | Your scales start taking on a pale cyan-grey colour.
  2417 | D:4      | Reached XP level 7. HP: 57/57 MP: 7/7
  2451 | D:4      | Found a basalt altar of Yredelemnul.
  2504 | D:4      | Noticed a troll
  2512 | D:4      | Killed a troll
  2615 | D:3      | Found a snail-covered altar of Cheibriados.
  2616 | D:3      | Found a transporter.
  2646 | D:3      | You fall through a shaft!
  2698 | D:3      | Found a sacrificial altar of Ru.
  2810 | D:3      | Found a transporter.
  2974 | D:3      | Noticed Ijyb
  2983 | D:3      | Killed Ijyb
  3045 | D:3      | Found a glowing drain.
  3087 | Sewer    | Entered a sewer
  3093 | Sewer    | Reached skill level 7 in Axes
  3266 | Sewer    | Reached skill level 1 in Evocations
  3271 | Sewer    | Reached **** piety under Trog
  3294 | Sewer    | Found a white marble altar of Elyvilon.
  3606 | D:4      | Reached XP level 8. HP: 32/63 MP: 9/9
  3946 | D:4      | Found a deep blue altar of Sif Muna.
  3948 | D:4      | Found a deep blue altar of Sif Muna.
  3948 | D:4      | Found a shimmering altar of Xom.
  3958 | D:4      | Found an ancient bone altar of Kikubaaqudgha.
  3958 | D:4      | Found a glowing silver altar of Zin.
  3958 | D:4      | Found a white marble altar of Elyvilon.
  4107 | D:5      | Entered Level 5 of the Dungeon
  4330 | D:5      | Noticed Menkaure
  4335 | D:5      | Killed Menkaure
  4335 | D:5      | Reached skill level 8 in Axes
  4335 | D:5      | Reached skill level 5 in Stealth
  4370 | D:5      | Found a staircase to the Ecumenical Temple.
  5115 | D:6      | Reached skill level 9 in Axes
  5170 | D:6      | Reached XP level 9. HP: 70/70 MP: 12/12
  5569 | D:6      | Found an opulent altar of Gozag.
  5855 | D:7      | Reached skill level 5 in Evocations
  6117 | D:7      | Found a hazy altar of Hepliaklqana.
  6120 | D:7      | Found a stormy altar of Qazlal.
  6122 | D:7      | Found a sparkling altar of Nemelex Xobeh.
  6223 | D:7      | Reached ***** piety under Trog
  6355 | D:7      | Found a burning altar of Makhleb.
  6361 | D:7      | Found a glowing golden altar of the Shining One.
  6364 | D:7      | Found a white marble altar of Elyvilon.
  6466 | D:8      | Reached skill level 10 in Axes
  6466 | D:8      | Reached skill level 5 in Dodging
  6500 | D:8      | Found a shimmering altar of Xom.
  6666 | D:8      | Noticed Pikel
  6675 | D:8      | Killed Pikel
  6775 | D:8      | Received a gift from Trog
  6796 | D:8      | Reached skill level 5 in Fighting
  6796 | D:8      | Reached XP level 10. HP: 20/81 MP: 13/13
  7358 | D:8      | Found an iron altar of Okawaru.
  7379 | D:8      | Reached skill level 11 in Axes
  7811 | D:9      | Received a gift from Trog
  7812 | D:9      | Got an ichor-stained quarterstaff {god gift}
  7967 | D:9      | Noticed a two-headed ogre
  7980 | D:9      | Killed a two-headed ogre
  8317 | D:9      | Noticed Grum
  8324 | D:9      | HP: 3/83 [wolf[Grum] (10)]
  8324 | D:9      | Slain by a wolf

Skill      XL: |  1  2  3  4  5  6  7  8  9 10 |
---------------+-------------------------------+-----
Stealth        | 1 2 3 4 5 |  5.1
Throwing       | 1 2 |  2.4
Axes           | 4 5 6 7 9 10 11 | 11.6
Dodging        | 3 4 5 6 |  6.5
Evocations     | 1 4 5 |  5.0
Fighting       | 5 6 |  6.2

Action                   |  1- 3 |  4- 6 |  7- 9 | 10-12 || total
-------------------------+-------+-------+-------+-------++-------
Melee: Hand axe          |   115 |   102 |   198 |       ||   415
       Tailslap          |     5 |    16 |    60 |    24 ||   105
       War axe           |       |       |    11 |       ||    11
       Broad axe         |       |       |   149 |   126 ||   275
Throw: Stone             |       |       |    17 |       ||    17
Invok: Berserk           |     1 |     6 |    12 |     4 ||    23
       Trog's Hand       |       |     1 |     1 |       ||     2
       Brothers in Arms  |       |       |       |     1 ||     1
 Abil: Breathe Steam     |       |       |     2 |       ||     2
Evoke: Wand              |       |       |     4 |       ||     4
  Use: Scroll            |       |       |     6 |     1 ||     7
 Stab: Sleeping          |     1 |       |     9 |     1 ||    11
       Distracted        |       |       |     3 |       ||     3
  Eat: Chunk             |     3 |     4 |    22 |     9 ||    38
       Ration            |       |     1 |     1 |       ||     2
Armor: Skin              |    42 |    45 |   136 |    53 ||   276
Dodge: Dodged            |    70 |    66 |   240 |   124 ||   500
